 Dungeon Crawl Stone Soup version 0.25-a0-1007-g10a8c3caa8 (webtiles) character file.

Game seed: 13314903272883801603, levelgen mode: deterministic

4900 MisterFreud the Fighter (level 10, -10/166 HPs)
             Began as an Ogre Berserker on May 11, 2020.
             Was an Elder of Trog.
             Mangled by Snorg (15 damage)
             ... on level 10 of the Dungeon.
             The game lasted 00:16:41 (11417 turns).

MisterFreud the Fighter (Ogre Berserker)           Turns: 11417, Time: 00:16:42

Health: -10/166    AC: 14    Str: 26    XL:     10   Next: 51%
Magic:  10/10      EV: 10    Int:  8    God:    Trog [****..]
Gold:   601        SH:  3    Dex:  8    Spells: 9/9 levels left

rFire    . . .     SeeInvis +   p - +2 flail (protect)
rCold    + . .     Gourm    .   (no shield)
rNeg     . . .     Faith    .   b - +1 animal skin
rPois    +         Spirit   .   (helmet restricted)
rElec    .         Reflect  +   m - +2 cloak {rPois}
rCorr    .         Harm     .   (gloves unavailable)
MR       +++..                  (boots unavailable)
Stlth    ..........             a - +3 amulet of reflection
HPRegen  1.37/turn              f - ring of protection from cold
MPRegen  0.12/turn              v - ring of see invisible

@: berserking (expiring), protection aura, regenerating, very quick
A: large, unfitting armour, tough skin 1
a: Berserk, Trog's Hand, Brothers in Arms, Renounce Religion


You were on level 10 of the Dungeon.
You worshipped Trog.
Trog was greatly pleased with you.
You were hungry.

You visited 1 branch of the dungeon, and saw 10 of its levels.

You collected 601 gold pieces.

Inventory:

Hand Weapons
 p - a +2 flail of protection (weapon)
 u - a +1 mace of draining
 y - a +0 giant spiked club
Missiles
 d - 4 boomerangs (quivered)
 j - 14 poisoned darts
 w - 3 throwing nets
Armour
 b - a +1 animal skin (worn)
 m - a +2 cloak of poison resistance (worn)
Jewellery
 a - a +3 amulet of reflection (around neck)
 f - a ring of protection from cold (left hand)
 v - a ring of see invisible (right hand)
Wands
 o - a wand of acid (7)
 s - a wand of digging (2)
 x - a wand of polymorph (10)
 z - a wand of flame (19)
 D - a wand of enslavement (7)
Scrolls
 e - 4 scrolls of remove curse
 g - 2 scrolls of fear
 h - 3 scrolls of blinking
 i - 3 scrolls of teleportation
 k - 5 scrolls of enchant armour
 q - 6 scrolls of enchant weapon
 C - a scroll of identify
 E - a scroll of magic mapping
 F - a scroll of fog {unknown}
Potions
 l - a potion of stabbing
 n - 2 potions of invisibility
 r - 2 potions of berserk rage
 t - 5 potions of curing
 B - a potion of heal wounds {unknown}
Comestibles
 c - 22 rations
 A - a chunk of flesh


   Skills:
 + Level 10.3 Fighting
 + Level 10.1 Maces & Flails
 - Level 8.0 Throwing
 - Level 2.6 Dodging


You had 9 spell levels left.
You didn't know any spells.
Your spell library was empty.

Dungeon Overview and Level Annotations

Branches:
Dungeon (10/15)            Temple (0/1) D:6
   Lair: D:8-11         Orc: D:9-12

Altars:
Fedhas
Nemelex Xobeh
Sif Muna
Vehumet
Wu Jian
Yredelemnul

Shops:
D:4 }**

Annotations:
D:10 Snorg


Innate Abilities, Weirdness & Mutations

You are too large for most types of armour.
You have tough skin. (AC +1)


Message History

You thump Snorg!
Snorg is heavily wounded.
Snorg bites you!!
* * * LOW HITPOINT WARNING * * *
Snorg barely misses you. Snorg closely misses you.
You barely miss Snorg.
Snorg is heavily wounded.
Snorg bites you!
* * * LOW HITPOINT WARNING * * *
Snorg claws you but does no damage. Snorg barely misses you.
You bludgeon Snorg!!
Snorg is heavily wounded.
Snorg bites you!!
* * * LOW HITPOINT WARNING * * *
Snorg barely misses you. Snorg claws you.
* * * LOW HITPOINT WARNING * * *
You sock Snorg!
Snorg is severely wounded.
Snorg bites you but does no damage. Snorg claws you!
You die...

..### .... ...#
#..# #..#
..####..# #
........#.#..##
.......@.......
..#...T...#####
.............
..#.##########
. #


You could see Snorg (berserk).

Vanquished Creatures
  A two-headed ogre (D:8)
  Pikel (D:4)
  A hippogriff (D:7)
  A wyvern (D:8)
  Duvessa (D:5)
  3 orc warriors
  3 ice beasts
  A sky beast (D:8)
  A necrophage (D:9)
  3 phantoms
  2 centaurs
  5 ogres
  A crocodile (D:9)
  A bullfrog (D:7)
  2 howler monkeys
  3 crimson imps
  A bullfrog zombie (D:5)
  A centaur zombie (D:6)
  2 jellies
  8 hounds
  Crazy Yiuf (D:2)
  3 orc priests
  2 bullfrog skeletons
  12 orc wizards
  A centaur skeleton (D:9)
  A gnoll shaman (D:5)
  2 iguanas
  5 worker ants
  A hound zombie (D:8)
  A hound skeleton (D:9)
  9 adders
  13 gnolls
  2 shadow imps
  2 oozes
  2 adder skeletons (D:4)
  An adder zombie (D:5)
  3 worms
  A dart slug (D:2)
  A leopard gecko (D:1)
  37 orcs
  5 giant cockroaches
  10 goblins
  5 hobgoblins
  9 jackals
  4 kobolds (D:1)
  5 quokkas
  3 ball pythons
  5 bats
  4 frilled lizards
  5 rats
197 creatures vanquished.

Vanquished Creatures (others)
  Dowan (D:5)
  5 jackals
6 creatures vanquished.

Grand Total: 203 creatures vanquished

Notes
Turn   | Place    | Note
-------+----------+-------------------------------------------
     0 | D:1      | MisterFreud the Ogre Berserker began the quest for the Orb.
     0 | D:1      | Reached XP level 1. HP: 24/24 MP: 1/1
   334 | D:1      | Reached XP level 2. HP: 33/33 MP: 2/2
   470 | D:1      | Reached skill level 5 in Fighting
   897 | D:1      | Reached XP level 3. HP: 8/42 MP: 3/3
  1741 | D:2      | Found a runed translucent door.
  1742 | D:2      | Noticed Crazy Yiuf
  1848 | D:2      | Reached ** piety under Trog
  1978 | D:2      | Found a basalt altar of Yredelemnul.
  2233 | D:2      | Killed Crazy Yiuf
  2233 | D:2      | Reached XP level 4. HP: 53/53 MP: 4/4
  2536 | D:3      | Reached XP level 5. HP: 62/62 MP: 5/5
  3575 | D:3      | Reached XP level 6. HP: 61/72 MP: 6/6
  4261 | D:4      | Found Gaxiwel's General Store.
  4275 | D:4      | Found Reve's General Store.
  4389 | D:4      | Noticed a slave
  4389 | D:4      | Noticed a slave
  4391 | D:4      | Noticed Pikel
  4392 | D:4      | Noticed a slave
  4393 | D:4      | Noticed a slave
  4420 | D:4      | Killed Pikel
  4420 | D:4      | Reached XP level 7. HP: 52/80 MP: 7/7
  4570 | D:4      | Found Bacohiux's Gadget Shop.
  4613 | D:4      | Reached XP level 8. HP: 86/88 MP: 8/8
  5113 | D:4      | Found a blossoming altar of Fedhas.
  5406 | D:5      | Entered Level 5 of the Dungeon
  5527 | D:5      | Noticed Dowan
  5528 | D:5      | Noticed Duvessa
  5566 | D:4      | Reached *** piety under Trog
  5987 | D:5      | Found a radiant altar of Vehumet.
  6004 | D:5      | Reached skill level 1 in Throwing
  6362 | D:5      | Killed Dowan
  6705 | D:5      | Killed Duvessa
  6869 | D:5      | Reached XP level 9. HP: 97/97 MP: 9/9
  7436 | D:6      | Found a staircase to the Ecumenical Temple.
  8404 | D:7      | Reached skill level 10 in Fighting
  8723 | D:7      | Found a sparkling altar of Nemelex Xobeh.
  8740 | D:7      | Reached skill level 10 in Maces & Flails
  8750 | D:7      | Reached **** piety under Trog
  9395 | D:7      | Reached skill level 5 in Throwing
  9541 | D:8      | Reached XP level 10. HP: 110/110 MP: 10/10
  9625 | D:8      | Noticed a two-headed ogre
  9631 | D:8      | Killed a two-headed ogre
 10711 | D:9      | Found a shimmering blue altar of Sif Muna.
 10712 | D:9      | Found an ornate altar of the Wu Jian Council.
 11061 | D:9      | Found a blossoming altar of Fedhas.
 11353 | D:10     | Entered Level 10 of the Dungeon
 11353 | D:10     | Noticed Snorg
 11416 | D:10     | HP: 5/166 [Snorg (5)]
 11417 | D:10     | Mangled by Snorg

Illustrated notes

Levels and vault maps discovered:
D:1:      nicolae_arrival_memento_mori, layout_loops_ring,
          hangedman_decor_diamond_cutter, st_stairs_1
D:2:      layout_rooms, lemuel_coloured_pillars_altar, first_ration,
          uniq_crazy_yiuf_cottage
D:3:      layout_basic, minmay_fractal_squares_diagonal_5
D:4:      layout_loops_ring, kennysheep_mini_moat, serial_shops,
          nicolae_shop_stone, shop, shop, uniq_pikel
D:5:      layout_gridville, fiery_altar_vehumet, uniq_duvessa
D:6:      layout_layer_cave, temple_green
D:7:      layout_cave_pools, nemelex_xobeh_ov_fountains_minmay, grunt_ogre_cave
D:8:      layout_gridville
D:9:      layout_irregular_city, grunt_temple_overflow_open, basic_altar
D:10:     minmay_the_grid_octo_tiled_squarecenter [minmay_the_grid_octo_shrine,
          minmay_the_grid_octo_horde, minmay_the_grid_octo_checkered,
          minmay_the_grid_octo_thin_diamonds,
          minmay_the_grid_square_5x5_megaprize_diamond,
          minmay_the_grid_square_5x5_forky, minmay_the_grid_square_5x5_inner_i,
          minmay_the_grid_square_5x5_fancy_junction,
          minmay_the_grid_square_5x5_spiral_small], layout_basic, serial_shops,
          shop, mrwooster_statue_mirror, chequers_mini_garden, uniq_snorg

Skill      XL: |  1  2  3  4  5  6  7  8  9 10 |
---------------+-------------------------------+-----
Fighting       | 5 6 7 8 10 | 10.3
Maces & Flails | 3 6 8 10 | 10.1
Throwing       | 4 5 8 |  8.0
Dodging        | |  2.6

Action                   |  1- 3 |  4- 6 |  7- 9 | 10-12 || total
-------------------------+-------+-------+-------+-------++-------
Melee: Mace              |   106 |   263 |   241 |       ||   610
       Flail             |       |       |   103 |   114 ||   217
Throw: Boomerang         |       |       |    50 |    20 ||    70
Invok: Berserk           |     2 |     5 |     4 |     1 ||    12
       Trog's Hand       |       |     2 |       |     1 ||     3
  Use: Scroll            |     3 |       |    12 |       ||    15
  Eat: Chunk             |     5 |    13 |    17 |     7 ||    42
       Ration            |       |       |     1 |       ||     1
Armor: Animal skin       |    42 |   143 |   136 |    47 ||   368
Dodge: Dodged            |    65 |   193 |   173 |    52 ||   483
Block: Other             |       |     1 |    37 |    16 ||    54
       Reflection        |       |       |     2 |       ||     2

Table legend:
 A = Non-vault XP
 B = Vault XP
 C = Vault XP percentage of total XP
 D = Non-vault monster count
 E = Vault monster count
 F = Vault count percentage of total count
                 A         B        C        D         E       F
            +---------+---------+-------+---------+---------+-------
      Total |    5999 |    1001 |  14.3 |     184 |      13 |   6.6
            +---------+---------+-------+---------+---------+-------
        D:1 |      35 |       5 |  12.5 |      15 |       2 |  11.8
        D:2 |      34 |      41 |  54.7 |       9 |       1 |  10.0
        D:3 |     291 |      32 |   9.9 |      34 |       7 |  17.1
        D:4 |     299 |     663 |  68.9 |      18 |       1 |   5.3
        D:5 |     845 |     142 |  14.4 |      29 |       1 |   3.3
        D:6 |     887 |       0 |   0.0 |      22 |       0 |   0.0
        D:7 |    1158 |     118 |   9.2 |      23 |       1 |   4.2
        D:8 |    1766 |       0 |   0.0 |      16 |       0 |   0.0
        D:9 |     684 |       0 |   0.0 |      18 |       0 |   0.0
            +---------+---------+-------+---------+---------+-------
